% Time on Ice - BANFF WOLVES
Lines # - Real PCT - Wanted PCT - Time Play
Normal Forward
1 - 29% - 34% - 14:45
2 - 32% - 34% - 15:47
3 - 26% - 27% - 12:47
4 - 14% - 5% - 6:46
Normal Defense
1 - 37% - 36% - 18:19
2 - 32% - 33% - 16:16
3 - 31% - 31% - 15:30
4 - 0% - 0% - 0:00
PP Forward
1 - 61% - 55% - 1:13
2 - 39% - 45% - 0:46
PP Defense
1 - 61% - 55% - 1:13
2 - 39% - 45% - 0:46
PK Forward
1 - 61% - 55% - 4:48
2 - 39% - 45% - 3:08
PK Defense
1 - 57% - 55% - 4:30
2 - 43% - 45% - 3:26
PK3 Forward
1 - 0% - 55%
2 - 0% - 45%
PK3 Defense
1 - 0% - 55%
2 - 0% - 45%
44 Forward
1 - 0% - 55%
2 - 0% - 45%
44 Defense
1 - 0% - 55%
2 - 0% - 45%
Last Minute Offensive  - 0:00
Last Minute Defensive  - 0:00
Total
Forward - 60:00
Defense - 60:00
% Time on Ice - LONG BEACH BARACUDAS
Lines # - Real PCT - Wanted PCT - Time Play
Normal Forward
1 - 39% - 40% - 19:27
2 - 34% - 33% - 16:54
3 - 17% - 18% - 8:42
4 - 10% - 9% - 5:02
Normal Defense
1 - 37% - 40% - 18:36
2 - 29% - 30% - 14:28
3 - 26% - 15% - 12:52
4 - 8% - 15% - 4:09
PP Forward
1 - 48% - 51% - 3:47
2 - 52% - 49% - 4:09
PP Defense
1 - 45% - 55% - 3:32
2 - 55% - 45% - 4:24
PK Forward
1 - 100% - 60% - 1:59
2 - 0% - 40% - 0:00
PK Defense
1 - 51% - 55% - 1:01
2 - 49% - 45% - 0:58
PK3 Forward
1 - 0% - 55%
2 - 0% - 45%
PK3 Defense
1 - 0% - 55%
2 - 0% - 45%
44 Forward
1 - 0% - 55%
2 - 0% - 45%
44 Defense
1 - 0% - 55%
2 - 0% - 45%
Last Minute Offensive  - 0:00
Last Minute Defensive  - 0:00
Total
Forward - 60:00
Defense - 60:00
Play-by-Play 1st period 0:01 of 1st period - Jack Eichel wins face-off versus Steven Stamkos in neutral zone. 0:29 of 1st period - Icing by Ron Hainsey. 0:30 of 1st period - Steven Stamkos wins face-off versus Roope Hintz in LONG BEACH BARACUDAS zone. 0:40 of 1st period - Reyley Smith is hit by Jason Zucker and loses puck. 0:53 of 1st period - Shot by Ron Hainsey. 0:53 of 1st period - Stopped by Ilya Samsonov with a rebound. 0:58 of 1st period - Steven Stamkos is hit by Jamie Oleksiak. 1:38 of 1st period - Brandon Montour is hit by James van Riemsdyk and loses puck. 1:43 of 1st period - Shot by James Neal. 1:43 of 1st period - Shot Misses the Net. 1:45 of 1st period - Shot by James van Riemsdyk. 1:45 of 1st period - Shot Blocked by Ben Hutton. 1:49 of 1st period - Shot by Alex Tuch. 1:49 of 1st period - Deflect By James van Riemsdyk. 1:49 of 1st period - Shot Blocked by Kyle Palmieri. 1:51 of 1st period - Shot by James Neal. 1:51 of 1st period - Shot Misses the Net. 1:53 of 1st period - Shot by Alex Tuch. 1:53 of 1st period - Goal by Alex Tuch - BANFF WOLVES : 1 - LONG BEACH BARACUDAS : 0. 1:54 of 1st period - Jack Eichel wins face-off versus Derek Stepan in neutral zone. 2:18 of 1st period - Jack Eichel is hit by Mikael Granlund and loses puck. 2:31 of 1st period - Shot by Brady Tkachuk. 2:31 of 1st period - Shot Misses the Net. 2:34 of 1st period - Icing by Mikael Granlund. 2:35 of 1st period - Derek Stepan wins face-off versus James Neal in LONG BEACH BARACUDAS zone. 2:35 of 1st period - Derek Stepan is hit by James Neal. 3:11 of 1st period - Shot by Reyley Smith. 3:11 of 1st period - Goal by Reyley Smith - BANFF WOLVES : 1 - LONG BEACH BARACUDAS : 1. 3:12 of 1st period - Dominic Turgeon wins face-off versus Brock Nelson in neutral zone. 3:16 of 1st period - Icing by Andreas Johnsson. 3:17 of 1st period - Roope Hintz wins face-off versus Brock Nelson in LONG BEACH BARACUDAS zone. 3:24 of 1st period - Shot by Jason Zucker. 3:24 of 1st period - Stopped by Brian Elliott with a rebound. 3:26 of 1st period - Shot by Jason Zucker. 3:26 of 1st period - Shot Blocked by Brock Nelson. 3:28 of 1st period - Shot by Kevin Labanc. 3:28 of 1st period - Shot Misses the Net. 3:50 of 1st period - Jason Zucker is hit by Ron Hainsey and loses puck. 3:57 of 1st period - Shot by Kevin Labanc. 3:57 of 1st period - Stopped by Brian Elliott with a rebound. 4:41 of 1st period - Brady Tkachuk is hit by Kyle Palmieri and loses puck. 4:47 of 1st period - Off-side. 4:48 of 1st period - James Neal wins face-off versus Steven Stamkos in neutral zone. 4:58 of 1st period - Icing by Brandon Montour. 4:59 of 1st period - Dominic Turgeon wins face-off versus Steven Stamkos in LONG BEACH BARACUDAS zone. 5:12 of 1st period - Shot by Reyley Smith. 5:12 of 1st period - Stopped by Ilya Samsonov with a rebound. 5:14 of 1st period - Shot by Reyley Smith. 5:14 of 1st period - Shot Blocked by Miles Wood. 5:24 of 1st period - Shot by Steven Stamkos. 5:24 of 1st period - Goal by Steven Stamkos - BANFF WOLVES : 1 - LONG BEACH BARACUDAS : 2. 5:25 of 1st period - Pierre-Edouard Bellemare wins face-off versus James Neal in neutral zone. 5:25 of 1st period - J.T. Compher is hit by Alex Tuch and loses puck. 6:27 of 1st period - Pierre-Edouard Bellemare is hit by Alex Tuch. 7:08 of 1st period - Minor Penalty to Jamie Oleksiak for Interference. 7:09 of 1st period - Brock Nelson wins face-off versus Jack Eichel in BANFF WOLVES zone. 7:26 of 1st period - Miro Heiskanen is hit by Brock Nelson and loses puck. 7:44 of 1st period - Shot by Mikael Granlund. 7:44 of 1st period - Shot Blocked by Miro Heiskanen. 10:40 of 1st period - Alex Pietrangelo is hit by James Neal and loses puck. 10:54 of 1st period - Brock Nelson is hit by James Neal and loses puck. 11:25 of 1st period - Minor Penalty to Jamie Oleksiak for Roughing. 11:26 of 1st period - Steven Stamkos wins face-off versus Roope Hintz in BANFF WOLVES zone. 12:53 of 1st period - Shot by Taylor Hall. 12:53 of 1st period - Shot Misses the Net. 13:13 of 1st period - Kevin Labanc is hit by Kyle Palmieri and loses puck. 13:25 of 1st period - Kyle Palmieri is hit by Jamie Oleksiak and loses puck. 15:26 of 1st period - Reyley Smith is hit by Kevin Connauton and loses puck. 15:54 of 1st period - Shot by Miro Heiskanen. 15:54 of 1st period - Goal by Miro Heiskanen - BANFF WOLVES : 2 - LONG BEACH BARACUDAS : 2. 15:55 of 1st period - Kyle Palmieri wins face-off versus James van Riemsdyk in neutral zone. 16:22 of 1st period - Icing by Brock Nelson. 16:23 of 1st period - Brock Nelson wins face-off versus Jack Eichel in LONG BEACH BARACUDAS zone. 16:23 of 1st period - Brock Nelson is hit by Brady Tkachuk. 16:33 of 1st period - Shot by Andreas Johnsson. 16:33 of 1st period - Deflect By Kyle Palmieri. 16:33 of 1st period - Shot Blocked by Josh Teves. 16:39 of 1st period - Shot by Brock Nelson. 16:39 of 1st period - Stopped by Ilya Samsonov without a rebound. 16:40 of 1st period - Dominic Turgeon wins face-off versus Derek Stepan in BANFF WOLVES zone. 16:58 of 1st period - Shot by J.T. Compher. 16:58 of 1st period - Shot Blocked by Trevor van Riemsdyk. 17:58 of 1st period - Shot by Roope Hintz. 17:58 of 1st period - Shot Misses the Net. 18:52 of 1st period - Shot by Brock Nelson. 18:52 of 1st period - Shot Misses the Net. 19:18 of 1st period - Icing by Mathew Dumba. 19:19 of 1st period - Jack Eichel wins face-off versus Derek Stepan in BANFF WOLVES zone. 19:30 of 1st period - Shot by Derek Stepan. 19:30 of 1st period - Shot Misses the Net. Goals for this period are 2 for BANFF WOLVES vs 2 for LONG BEACH BARACUDAS. Shots for this period are 4 for BANFF WOLVES vs 5 for LONG BEACH BARACUDAS. 2nd period 0:01 of 2nd period - Roope Hintz wins face-off versus Taylor Hall in neutral zone. 0:05 of 2nd period - Off-side. 0:06 of 2nd period - Roope Hintz wins face-off versus Reyley Smith in neutral zone. 0:21 of 2nd period - Shot by Roope Hintz. 0:21 of 2nd period - Shot Blocked by Ben Hutton. 0:37 of 2nd period - Shot by Kevin Labanc. 0:37 of 2nd period - Shot Misses the Net. 0:39 of 2nd period - Shot by Kevin Labanc. 0:39 of 2nd period - Shot Misses the Net. 0:41 of 2nd period - Shot by Josh Teves. 0:41 of 2nd period - Shot Misses the Net. 2:05 of 2nd period - Shot by Brock Nelson. 2:05 of 2nd period - Shot Misses the Net. 2:44 of 2nd period - Minor Penalty to Mikael Granlund for Holding. 2:45 of 2nd period - Derek Stepan wins face-off versus Jack Eichel in LONG BEACH BARACUDAS zone. 3:53 of 2nd period - Jordie Benn is hit by Brady Tkachuk and loses puck. 3:58 of 2nd period - Shot by Miro Heiskanen. 3:58 of 2nd period - Shot Misses the Net. 4:14 of 2nd period - Shot by Kevin Labanc. 4:14 of 2nd period - Stopped by Brian Elliott without a rebound. 4:15 of 2nd period - Derek Stepan wins face-off versus Jack Eichel in LONG BEACH BARACUDAS zone. 4:31 of 2nd period - Shot by Mathew Dumba. 4:31 of 2nd period - Stopped by Brian Elliott without a rebound. 4:32 of 2nd period - Derek Stepan wins face-off versus James van Riemsdyk in LONG BEACH BARACUDAS zone. 5:04 of 2nd period - Shot by Kyle Palmieri. 5:04 of 2nd period - Deflect By Brock Nelson. 5:04 of 2nd period - Stopped by Ilya Samsonov with a rebound. 5:06 of 2nd period - Shot by Ron Hainsey. 5:06 of 2nd period - Shot Misses the Net. 5:49 of 2nd period - Shot by Reyley Smith. 5:49 of 2nd period - Stopped by Ilya Samsonov without a rebound. 5:50 of 2nd period - Roope Hintz wins face-off versus Derek Stepan in BANFF WOLVES zone. 6:06 of 2nd period - Shot by J.T. Compher. 6:06 of 2nd period - Shot Misses the Net. 6:08 of 2nd period - Shot by J.T. Compher. 6:08 of 2nd period - Shot Blocked by Miro Heiskanen. 6:13 of 2nd period - Icing by Miro Heiskanen. 6:14 of 2nd period - Roope Hintz wins face-off versus Steven Stamkos in BANFF WOLVES zone. 6:48 of 2nd period - Icing by Kevin Labanc. 6:49 of 2nd period - Roope Hintz wins face-off versus Derek Stepan in BANFF WOLVES zone. 6:49 of 2nd period - Roope Hintz is hit by Mikael Granlund. 7:15 of 2nd period - Shot by Jack Eichel. 7:15 of 2nd period - Stopped by Brian Elliott without a rebound. 7:16 of 2nd period - James Neal wins face-off versus Steven Stamkos in LONG BEACH BARACUDAS zone. 7:18 of 2nd period - James van Riemsdyk is hit by Ron Hainsey and loses puck. 7:24 of 2nd period - James Neal is hit by Alex Pietrangelo and loses puck. 8:47 of 2nd period - Shot by Brady Tkachuk. 8:47 of 2nd period - Shot Blocked by Andreas Johnsson. 9:27 of 2nd period - Shot by Mikael Granlund. 9:27 of 2nd period - Stopped by Ilya Samsonov without a rebound. 9:28 of 2nd period - Steven Stamkos wins face-off versus Roope Hintz in BANFF WOLVES zone. 9:47 of 2nd period - Icing by Jason Zucker. 9:48 of 2nd period - Derek Stepan wins face-off versus Roope Hintz in BANFF WOLVES zone. 9:55 of 2nd period - Shot by Mikael Granlund. 9:55 of 2nd period - Stopped by Ilya Samsonov with a rebound. 10:14 of 2nd period - Shot by Roope Hintz. 10:14 of 2nd period - Stopped by Brian Elliott with a rebound. 10:16 of 2nd period - Shot by Kevin Labanc. 10:16 of 2nd period - Shot Misses the Net. 10:30 of 2nd period - Shot by James van Riemsdyk. 10:30 of 2nd period - Goal by James van Riemsdyk - BANFF WOLVES : 3 - LONG BEACH BARACUDAS : 2. 10:31 of 2nd period - Steven Stamkos wins face-off versus James Neal in neutral zone. 10:35 of 2nd period - Reyley Smith is hit by Kevin Connauton and loses puck. 10:38 of 2nd period - Shot by Reyley Smith. 10:38 of 2nd period - Shot Misses the Net. 10:40 of 2nd period - Shot by Ron Hainsey. 10:40 of 2nd period - Stopped by Ilya Samsonov without a rebound. 10:41 of 2nd period - Dominic Turgeon wins face-off versus Steven Stamkos in BANFF WOLVES zone. 10:57 of 2nd period - Shot by Steven Stamkos. 10:57 of 2nd period - Stopped by Ilya Samsonov without a rebound. 10:58 of 2nd period - Kevin Labanc wins face-off versus Brock Nelson in BANFF WOLVES zone. 11:09 of 2nd period - Shot by Kyle Palmieri. 11:09 of 2nd period - Deflect By Brock Nelson. 11:09 of 2nd period - Shot Blocked by Kevin Labanc. 11:32 of 2nd period - Shot by Brock Nelson. 11:32 of 2nd period - Goal by Brock Nelson - BANFF WOLVES : 3 - LONG BEACH BARACUDAS : 3. 11:33 of 2nd period - Jack Eichel wins face-off versus Steven Stamkos in neutral zone. 11:41 of 2nd period - Reyley Smith is hit by Mathew Dumba and loses puck. 11:47 of 2nd period - Steven Stamkos is hit by Mathew Dumba and loses puck. 12:20 of 2nd period - Shot by Nikita Gusev. 12:20 of 2nd period - Shot Misses the Net. 12:54 of 2nd period - Shot by James Neal. 12:54 of 2nd period - Stopped by Brian Elliott with a rebound. 12:56 of 2nd period - Shot by James Neal. 12:56 of 2nd period - Shot Blocked by Alex Pietrangelo. 12:58 of 2nd period - Shot by James van Riemsdyk. 12:58 of 2nd period - Stopped by Brian Elliott without a rebound. 12:59 of 2nd period - Roope Hintz wins face-off versus Brock Nelson in LONG BEACH BARACUDAS zone. 13:08 of 2nd period - Shot by Jason Zucker. 13:08 of 2nd period - Shot Misses the Net. 13:12 of 2nd period - Shot by Jason Zucker. 13:12 of 2nd period - Stopped by Brian Elliott without a rebound. 13:13 of 2nd period - Dominic Turgeon wins face-off versus Derek Stepan in LONG BEACH BARACUDAS zone. 13:56 of 2nd period - Shot by Derek Step